[ AOE2 MATCH · #505280752 ]
UnrankedSaracens vs Berbers
Player's team · WIN
Rival team · LOSS
[ REPLAY ANALYSIS · EXTRACTED FROM THE RECORDED GAME ]
Feudal
9:25
Castle
—
Imperial
—
| APM avg | 55.0 |
| APM peak | 96 |
| eAPM avg | 18.5 |
| Villagers / military | 27 / 14 |
Focus
⚔️ 30.5% · 🌾 69.5%
Archer ×14
Feudal
—
Castle
—
Imperial
—
| APM avg | 57.6 |
| APM peak | 129 |
| eAPM avg | 31.1 |
| Villagers / military | 29 / 0 |
Focus
⚔️ 25.5% · 🌾 74.5%
Match map
Initial resources + every placement click. Lines = walls · curves = elevation contours. ◆ gold · ⬟ stone · ● berries · ✦ relic · ◌ wall gap
Your base· Open — unwalled flank
twitch: aoe2_billybadbeat's base· Open — unwalled flank
Smoothed initial terrain · ◌ = detected wall gap · hover for details
Inputs per minute
— Brother_Dege - - twitch: aoe2_billybadbeat
Build order — Brother_Dege
70 actions detected in the replay
| 0:00 | Create | Villager (Male) |
| 0:00 | Create | Villager (Male) |
| 0:02 | Build | House |
| 0:03 | Build | House |
| 0:13 | Create | Villager (Male) |
| 0:13 | Create | Villager (Male) |
| 1:29 | Create | Villager (Male) |
| 2:22 | Create | Villager (Male) |
| 2:23 | Create | Villager (Male) |
| 2:35 | Build | Lumber Camp |
| 2:44 | Create | Villager (Male) |
| 3:38 | Create | Villager (Male) |
| 4:00 | Create | Villager (Male) |
| 4:21 | Create | Villager (Male) |
| 4:49 | Create | Villager (Male) |
| 4:52 | Build | Palisade Wall |
| 4:59 | Create | Villager (Male) |
| 5:00 | Create | Villager (Male) |
| 5:00 | Create | Villager (Male) |
| 5:25 | Build | Mill |
| 5:52 | Create | Villager (Male) |
| 6:07 | Create | Villager (Male) |
| 6:28 | Build | Mining Camp |
| 6:40 | Build | House |
| 6:46 | Research | Loom |
| 7:15 | Research | Feudal Age |
| 7:37 | Build | Lumber Camp |
| 7:57 | Build | Palisade Wall |
| 7:58 | Build | Palisade Wall |
| 7:59 | Build | Palisade Wall |
| 8:02 | Build | Palisade Wall |
| 8:05 | Build | Palisade Wall |
| 8:46 | Build | Barracks |
| 8:57 | Build | Palisade Wall |
| 9:11 | Create | Villager (Male) |
| 9:25 | Age | Feudal Age |
| 9:45 | Build | Archery Range |
| 9:49 | Create | Villager (Male) |
| 9:55 | Create | Villager (Male) |
| 10:09 | Create | Villager (Male) |
| 10:29 | Build | Palisade Wall |
| 10:50 | Build | House |
| 10:50 | Create | Archer |
| 10:53 | Create | Villager (Male) |
| 11:10 | Create | Archer |
| 11:25 | Build | Blacksmith |
| 11:25 | Create | Villager (Male) |
| 11:34 | Create | Archer |
| 11:44 | Create | Archer |
| 11:56 | Create | Archer |
| 12:03 | Create | Villager (Male) |
| 12:08 | Build | Mill |
| 12:14 | Create | Villager (Male) |
| 12:19 | Build | House |
| 12:28 | Create | Archer |
| 12:35 | Create | Villager (Male) |
| 13:14 | Create | Archer |
| 13:23 | Create | Archer |
| 13:39 | Create | Archer |
| 13:52 | Build | Market |
| 13:55 | Create | Archer |
| 13:58 | Build | Archery Range |
| 14:04 | Create | Archer |
| 14:27 | Research | Fletching |
| 14:31 | Create | Archer |
| 14:38 | Create | Archer |
| 14:47 | Create | Archer |
| 14:53 | Create | Villager (Male) |
| 14:58 | Build | House |
| 14:59 | Build | House |
Build order — twitch: aoe2_billybadbeat
58 actions detected in the replay
| 0:00 | Create | Villager (Male) |
| 0:00 | Create | Villager (Male) |
| 0:02 | Build | House |
| 0:04 | Build | House |
| 0:18 | Create | Villager (Male) |
| 0:19 | Create | Villager (Male) |
| 1:22 | Build | House |
| 1:29 | Build | House |
| 1:31 | Create | Villager (Male) |
| 1:41 | Research | Loom |
| 2:34 | Create | Villager (Male) |
| 2:48 | Create | Villager (Male) |
| 2:50 | Create | Villager (Male) |
| 3:08 | Build | Lumber Camp |
| 4:10 | Create | Villager (Male) |
| 4:14 | Create | Villager (Male) |
| 4:15 | Create | Villager (Male) |
| 5:05 | Create | Villager (Male) |
| 5:06 | Create | Villager (Male) |
| 5:06 | Create | Villager (Male) |
| 5:22 | Build | Palisade Wall |
| 5:26 | Build | Palisade Wall |
| 5:33 | Build | Palisade Wall |
| 5:39 | Build | Palisade Wall |
| 5:43 | Build | Palisade Wall |
| 5:44 | Build | Palisade Wall |
| 5:44 | Build | Palisade Wall |
| 5:53 | Create | Villager (Male) |
| 5:54 | Create | Villager (Male) |
| 6:25 | Create | Villager (Male) |
| 6:56 | Create | Villager (Male) |
| 7:04 | Create | Villager (Male) |
| 7:36 | Build | Palisade Wall |
| 7:47 | Build | Palisade Wall |
| 7:53 | Build | House |
| 7:57 | Create | Villager (Male) |
| 8:01 | Build | House |
| 8:11 | Create | Villager (Male) |
| 8:21 | Build | Palisade Wall |
| 9:11 | Create | Villager (Male) |
| 9:12 | Create | Villager (Male) |
| 9:12 | Create | Villager (Male) |
| 9:14 | Build | Mill |
| 9:45 | Create | Villager (Male) |
| 10:01 | Create | Villager (Male) |
| 10:49 | Create | Villager (Male) |
| 11:07 | Build | Palisade Wall |
| 11:12 | Build | Palisade Wall |
| 11:18 | Build | House |
| 11:27 | Create | Villager (Male) |
| 11:31 | Create | Villager (Male) |
| 12:06 | Build | Palisade Wall |
| 12:49 | Build | Town Center |
| 13:07 | Build | House |
| 13:10 | Build | House |
| 13:20 | Build | House |
| 13:26 | Build | Palisade Wall |
| 13:28 | Build | Palisade Wall |
Match timeline
| 4:52 | Brother_Dege · wall_segment Palisade Wall x1 |
| 5:22 | twitch: aoe2_billybadbeat · wall_segment Palisade Wall x1 |
| 5:26 | twitch: aoe2_billybadbeat · wall_segment Palisade Wall x1 |
| 5:33 | twitch: aoe2_billybadbeat · wall_segment Palisade Wall x3 |
| 5:39 | twitch: aoe2_billybadbeat · wall_segment Palisade Wall x1 |
| 5:43 | twitch: aoe2_billybadbeat · wall_segment Palisade Wall x1 |
| 5:44 | twitch: aoe2_billybadbeat · wall_segment Palisade Wall x1 |
| 5:44 | twitch: aoe2_billybadbeat · wall_segment Palisade Wall x1 |
| 7:36 | twitch: aoe2_billybadbeat · wall_segment Palisade Wall x1 |
| 7:47 | twitch: aoe2_billybadbeat · wall_segment Palisade Wall x1 |
| 7:57 | Brother_Dege · wall_segment Palisade Wall x1 |
| 7:58 | Brother_Dege · wall_segment Palisade Wall x1 |
| 7:59 | Brother_Dege · wall_segment Palisade Wall x1 |
| 8:02 | Brother_Dege · wall_segment Palisade Wall x1 |
| 8:05 | Brother_Dege · wall_segment Palisade Wall x1 |
| 8:21 | twitch: aoe2_billybadbeat · wall_segment Palisade Wall x2 |
| 8:46 | Brother_Dege · first_building Barracks |
| 8:57 | Brother_Dege · wall_segment Palisade Wall x1 |
| 9:25 | Brother_Dege · age_up feudal |
| 9:45 | Brother_Dege · first_building Archery Range |
| 10:29 | Brother_Dege · wall_segment Palisade Wall x1 |
| 11:07 | twitch: aoe2_billybadbeat · wall_segment Palisade Wall x1 |
| 11:12 | twitch: aoe2_billybadbeat · wall_segment Palisade Wall x2 |
| 12:06 | twitch: aoe2_billybadbeat · wall_segment Palisade Wall x2 |
| 13:26 | twitch: aoe2_billybadbeat · wall_segment Palisade Wall x1 |
| 13:28 | twitch: aoe2_billybadbeat · wall_segment Palisade Wall x1 |
| 14:26 | Brother_Dege · first_market_buy 100 food |
| 14:30 | Brother_Dege · first_market_sell 100 wood |
| 15:38 | twitch: aoe2_billybadbeat · resign |
[ AI ANALYSIS · 1 CREDIT ]
What really happened in this match?
Wolo.gg analyzes every decision: build order, eco, micro, common mistakes by bracket. Personalized analysis on WhatsApp or Discord in 30 seconds.
Civ guide
Saracens
Perfil
Jugador #2083785